 Dungeon Crawl Stone Soup version 0.30-a0-341-g682706514a (webtiles) character file.

Game seed: 12531241026320528639

630 Muataran the Chopper (level 7, -7/62 HPs)
             Began as a Hill Orc Fighter on Nov 1, 2022.
             Killed by divine providence
             ... invoked by an orc priest
              (10 damage)
             ... on level 5 of the Dungeon.
             The game lasted 00:06:16 (3215 turns).

Muataran the Chopper (Hill Orc Fighter)             Turns: 3215, Time: 00:06:16

Health: -7/62      AC:  7    Str: 21    XL:     7   Next: 48%
Magic:  7/7        EV:  9    Int:  8    God:
Gold:   192        SH:  6    Dex: 10    Spells: 6/6 levels left

rFire   . . .      SeeInvis .    a - +0 war axe
rCold   . . .      Faith    .    c - +1 buckler
rNeg    . . .      Spirit   .    b - +0 scale mail
rPois   .          Reflect  .    (no helmet)
rElec   .          Harm     .    (no cloak)
rCorr   .          Rampage  .    (no gloves)
Will    .....                    (no boots)
Stlth   ..........               (no amulet)
HPRegen 0.30/turn                (no ring)
MPRegen 0.10/turn                (no ring)

@: no status effects
A: no striking features
a: Convert to Beogh


You were on level 5 of the Dungeon.
You visited 1 branch of the dungeon, and saw 5 of its levels.

You collected 192 gold pieces.

Inventory:

Hand Weapons
 a - a +0 war axe (weapon)
 j - a +1 vorpal hand axe
Missiles
 h - a throwing net (quivered)
Armour
 b - a +0 scale mail (worn)
 c - a +1 buckler (worn)
Jewellery
 o - a +6 ring of dexterity
Scrolls
 e - 2 scrolls of immolation
 f - 2 scrolls of blinking
Potions
 d - a potion of might
 g - 5 potions of curing
 i - a potion of invisibility {unknown}
 k - 3 potions of mutation
 l - a potion of flight {unknown}
 m - a potion of berserk rage {unknown}
 n - 3 potions of lignification
 p - a potion of attraction {unknown}
 q - a potion of magic {unknown}


   Skills:
 + Level 5.6 Fighting
 * Level 7.0 Axes
 + Level 5.0 Armour
 - Level 5.0 Shields


You had 6 spell levels left.
You didn't know any spells.
Your spell library was empty.

Dungeon Overview and Level Annotations

Branches:
Dungeon (5/15)
 Temple: D:4-7

Altars:

Shops:
D:5 *

Annotations:
D:4 Sigmund


Message History

You block the orc's attack.
You barely miss the black bear.
The black bear is almost dead.
The black bear bites you but does no damage.
The black bear closely misses you. The black bear claws you.
You block the orc's attack. The black bear bites you!
The black bear claws you but does no damage.
The black bear claws you. The orc hits you but does no damage.
You barely miss the black bear.
The black bear is almost dead.
The black bear bites you but does no damage.
You block the black bear's attack. The black bear claws you.
The black bear bites you. The black bear barely misses you.
The black bear closely misses you.
The orc hits you from afar with a +0 trident.
You hit the black bear but do no damage.
The black bear is almost dead.
The black bear bites you!
The black bear claws you but does no damage. x2
The black bear bites you!
* * * LOW HITPOINT WARNING * * *
The black bear claws you but does no damage.
The black bear claws you.
* * * LOW HITPOINT WARNING * * *
The orc barely misses you.
You slash the black bear!
You kill the black bear!
The orc hits you from afar with a +0 trident!
* * * LOW HITPOINT WARNING * * *
Training target 5.0 for Shields reached!
Your Axes skill increases to level 7!
Your Armour skill increases to level 5!
Your Shields skill increases to level 5!
Okay, then.
Okay, then.
You slash the orc priest!
The orc priest is severely wounded.
The orc barely misses you.
The orc priest mumbles some strange prayers to Beogh against you.
Beogh smites you!
You die...

....... ###.# ##.#
#.. ....>..
##.#####..# #..
...J.####........##
#.. .o............##
#.. ###.###........#
#.. #.....#........#
#.. #.#.#h#........#
#.. #.#o#........#
####.. ..#.#@.......#
##....#
.#.#oo........#
#..####
#.#.####.......###.##
# #. #...[...#...# ..
#.........###
##(#####รท##
#.#####.####
)##.......#
.##.......#


You could see an orc priest and an orc.

Vanquished Creatures
  A water moccasin (D:5)
  A black bear (D:5)
  A necrophage (D:5)
  A scorpion (D:5)
  An orc priest (D:5)
  An iguana (D:5)
  2 orc wizards
  Natasha (thrice) (D:2)
  6 adders
  A worm (D:2)
  2 dart slugs (D:3)
  5 orcs
  8 endoplasms
  2 giant cockroaches (D:2)
  5 goblins
  7 hobgoblins
  5 jackals
  4 kobolds
  A quokka (D:3)
  10 ball pythons
  A bat (D:2)
  5 frilled lizards
  7 rats
80 creatures vanquished.

Notes
Turn   | Place    | Note
-------+----------+-------------------------------------------
     0 | D:1      | Muataran the Hill Orc Fighter began the quest for the Orb.
     0 | D:1      | Reached XP level 1. HP: 19/19 MP: 1/1
    68 | D:1      | Reached skill level 3 in Axes
   148 | D:1      | Reached XP level 2. HP: 27/27 MP: 2/2
   407 | D:1      | Reached XP level 3. HP: 31/33 MP: 3/3
   635 | D:2      | Noticed Natasha
   642 | D:2      | Killed Natasha
   643 | D:2      | Reached skill level 4 in Axes
   646 | D:2      | Noticed Natasha
   653 | D:2      | Killed Natasha
   654 | D:2      | Reached XP level 4. HP: 9/40 MP: 4/4
   831 | D:2      | Noticed Natasha
   838 | D:2      | Killed Natasha
  1153 | D:2      | Reached XP level 5. HP: 47/47 MP: 5/5
  1630 | D:3      | Identified the +6 dagger "Vuschefa" {vorpal, Will+ rCorr
                  | Str+4}
  1805 | D:3      | Reached skill level 5 in Axes
  2375 | D:4      | Noticed an ogre
  2502 | D:4      | Noticed Sigmund
  2599 | D:5      | Entered Level 5 of the Dungeon
  2650 | D:4      | Reached XP level 6. HP: 40/53 MP: 6/6
  2791 | D:5      | Reached skill level 5 in Fighting
  2791 | D:5      | Reached skill level 6 in Axes
  2906 | D:5      | Noticed a water moccasin
  2915 | D:5      | Killed a water moccasin
  2916 | D:5      | Reached XP level 7. HP: 44/61 MP: 7/7
  3143 | D:5      | Found Meschi's Neck Hole.
  3214 | D:5      | HP: 3/61 [orc/+0 trident (7)]
  3215 | D:5      | Reached skill level 7 in Axes
  3215 | D:5      | Reached skill level 5 in Armour
  3215 | D:5      | Reached skill level 5 in Shields
  3215 | D:5      | Killed from afar by an orc priest

Illustrated notes

Levels and vault maps discovered:
D:1:      psy_arrival_statuary, layout_basic
D:2:      layout_loops_ring, uniq_natasha
D:3:      layout_loops_ring, minmay_box_of_dots
D:4:      layout_loops_ring, nzn_wu_jian_council_hall, tgw_trog,
          mainiacjoe_overflow_swirl, uniq_sigmund
D:5:      layout_basic, ashenzari_altar_1, serial_shops, shop,
          amcnicky_mini_pool_small, nicolae_shop_sticking_my_neck_out

Skill      XL: |  1  2  3  4  5  6  7 |
---------------+----------------------+-----
Axes           | 3 4 5 6 7 |  7.0
Fighting       | 4 5 |  5.6
Armour         | 4 5 |  5.0
Shields        | 4 5 |  5.0

Action                   |  1- 3 |  4- 6 |  7- 9 || total
-------------------------+-------+-------+-------++-------
Melee: War axe           |    87 |   156 |    29 ||   272
  Use: Scroll            |       |    11 |       ||    11
Armor: Scale mail        |    36 |    73 |    24 ||   133
Dodge: Dodged            |    39 |    67 |    16 ||   122
Block: Buckler           |    13 |    39 |    13 ||    65

Table legend: (Time is in decaauts)
 A = Elapsed time spent in this place.
 B = Non-inter-level travel time spent in this place.
 C = Inter-level travel time spent in this place.
 D = Time resting spent in this place.
 E = Time spent auto-exploring this place.
 F = Levels seen in this place.
 G = Mean time per level.
                   A        B        C        D        E       F      G
               +--------+--------+--------+--------+--------+-----+--------+
         Total |   3323 |   3179 |    144 |    346 |   2092 |   5 |  664.6 |
       Dungeon |   3323 |   3179 |    144 |    346 |   2092 |   5 |  664.6 |
               +--------+--------+--------+--------+--------+-----+--------+

Top non-repeatable levels by time:
     D:3: 972 daAuts
     D:2: 930 daAuts
     D:1: 626 daAuts
     D:5: 537 daAuts
     D:4: 256 daAuts
